 Dungeon Crawl Stone Soup version 0.20.0-15-g7f486f2 (webtiles) character file.

54 theemperora the Skirmisher (level 3, -1/24 HPs)
             Began as a Gargoyle Fighter on June 9, 2017.
             Was an Initiate of Dithmenos.
             Killed by nerve-wracking pain
             ... invoked by Grinder
              (4 damage)
             ... on level 3 of the Dungeon.
             The game lasted 00:11:48 (2224 turns).

theemperora the Skirmisher (Gargoyle Fighter)       Turns: 2224, Time: 00:11:49

Health: -1/24      AC: 14    Str: 19    XL:     3   Next: 91%
Magic:  3/3        EV:  3    Int:  8    God:    Dithmenos [......]
Gold:   142        SH:  9    Dex: 10    Spells: 2/2 levels left

rFire    . . .     SeeInvis .   a - +0 flail
rCold    . . .     Gourm    .   c - +0 shield
rNeg     + . .     Faith    .   m - +0 plate armour
rPois    ∞         Spirit   .   (no helmet)
rElec    +         Reflect  .   (no cloak)
rCorr    .         Harm     .   (no gloves)
MR       .....                  (no boots)
Stlth    ..........             (no amulet)
Regen    0.1/turn               (no ring)
MPRegen  0.1/turn               (no ring)

@: no status effects
A: negative energy resistance 1, electricity resistance, unbreathing,
petrification resistance, rot immunity, AC +3
a: Renounce Religion


You were on level 3 of the Dungeon.
You worshipped Dithmenos.
Dithmenos was noncommittal.
You were not hungry.

You visited 1 branch of the dungeon, and saw 3 of its levels.

You collected 142 gold pieces.

Inventory:

Hand Weapons
 a - a +0 flail (weapon)
Armour
 b - a +0 scale mail
 c - a +0 shield (worn)
 m - a +0 plate armour (worn)
Scrolls
 e - a scroll of remove curse
 j - a scroll of teleportation
 l - a scroll of identify
Potions
 d - 2 potions of might
Comestibles
 f - 4 bread rations
 h - 4 fruits
 i - 3 meat rations


   Skills:
 * Level 4.0 Fighting
 * Level 2.6 Maces & Flails
 * Level 3.7 Armour
 * Level 3.7 Shields


You had 2 spell levels left.
You didn't know any spells.

Dungeon Overview and Level Annotations

Branches:
Dungeon (3/15)

Altars:
Dithmenos
Qazlal

Annotations:
D:3 Grinder


Innate Abilities, Weirdness & Mutations

You are resistant to torment.
Your stone body is resilient. (AC +3)
You are immune to poison.
You resist negative energy. (rN+)
You are resistant to electric shocks. (rElec)
You can survive without breathing.
You are immune to petrification.
You are immune to rotting.


Message History

You closely miss Grinder.
Grinder is almost dead.
Grinder hits you.
You writhe in agony.
You hit Grinder.
Grinder is almost dead.
Grinder gestures at you. Pain shoots through your body!
* * * LOW HITPOINT WARNING * * *
You closely miss Grinder.
Grinder is almost dead.
You block Grinder's attack. Grinder hits you but does no damage.
You closely miss Grinder.
Grinder is almost dead.
Grinder hits you but does no damage.
You closely miss Grinder.
Grinder is almost dead.
Grinder says, "Mostly I couldn't keep them alive."
Grinder gestures at you. Pain shoots through your body!
You die...

#..... #.#.##.# #...[.
..... #.... ###.#### # ....
#......# #. ..#####.#.##.#
#. #.......#.##.#
###.####.#####.#..#.#
#.#..........###.##.#.##
#......#@.....##.##.#...
##.#.#.5#.#..##.......# ###
#.#...=..#........##.#
##.######.###..#.......####
.#
##...#......##†.#.#.#####
##......###..........#
........####.####...##
#..........#(# #...#
#.....#.##.#.# #...#


You could see Grinder.

Vanquished Creatures
  An adder (D:2)
  2 dart slugs
  A leopard gecko (D:1)
  2 ball pythons (D:2)
  6 goblins
  7 hobgoblins
  4 kobolds
  2 quokkas (D:2)
  3 frilled lizards
  9 rats
37 creatures vanquished.

Notes
Turn   | Place    | Note
-------+----------+-------------------------------------------
     0 | D:1      | theemperora the Gargoyle Fighter began the quest for the Orb.
     0 | D:1      | Reached XP level 1. HP: 14/14 MP: 1/1
   381 | D:1      | Reached XP level 2. HP: 14/19 MP: 2/2
  1106 | D:2      | Found a shadowy altar of Dithmenos.
  1145 | D:2      | Reached XP level 3. HP: 21/24 MP: 3/3
  1205 | D:2      | Found a stormy altar of Qazlal.
  1492 | D:2      | Reached skill level 4 in Fighting
  1876 | D:2      | Became a worshipper of Dithmenos the Shadowed
  2075 | D:3      | Noticed Grinder
  2143 | D:3      | Paralysed by Grinder for 3 turns
  2180 | D:3      | Paralysed by Grinder for 5 turns
  2211 | D:3      | Paralysed by Grinder for 6 turns
  2224 | D:3      | Killed from afar by Grinder

Skill      XL: |  1  2  3 |
---------------+----------+-----
Fighting       | 4 |  4.0
Maces & Flails | |  2.6
Armour         | |  3.7
Shields        | |  3.7

Action                   || total
-------------------------++-------
Melee: Flail             ||   188
       Unarmed           ||     4
  Use: Scroll            ||     6
       Potion            ||     7
  Eat: Bread ration      ||     1
       Royal jelly       ||     1
Armor: Scale mail        ||    77
       Plate armour      ||    22
       Skin              ||     1
Dodge: Dodged            ||    49
Block: Shield            ||   101
